General information
- name: GRUDGE
- type: Custom game
- host: Chopstix
- saver: Chopstix
map: TwistedMeadows
- players: 11
- length: 16:04
- speed: Fast
- version: 1.21 W3XP
- replay type: Public
» download(59 KB)
Players
team 1 (loser)
GreedoftheNoob (
red | 81 APM | 1294 actions | 16:03)
5 Archmage
3 Summon Water Elemental
2 Brilliance Aura
1 Paladin
1 Holy Light
» actions
| Assign group hotkey | 35 | |
| Basic commands | 63 | |
| Build / train | 46 | |
| Enter build submenu | 17 | |
| Enter hero's abilities submenu | 6 | |
| Give item / drop item | 1 | |
| Right click | 564 | |
| Select / deselect | 369 | |
| Select group hotkey | 120 | |
| Use ability | 73 | |
1294 total
» units
| Peasant | 10 | |
| Footman | 3 | |
| Rifleman | 10 | |
| Forest Troll Shadow Priest | 4 | |
| Ogre Mauler | 2 | |
| Priest | 2 | |
| Mortar Team | 1 | |
32 total
» upgrades
» buildings
| Altar of Kings | 1 | |
| Farm | 8 | |
| Barracks | 1 | |
| Scout Tower | 1 | |
| Arcane Tower | 3 | |
| Blacksmith | 1 | |
| Keep | 1 | |
| Arcane Vault | 1 | |
| Arcane Sanctum | 1 | |
| Workshop | 1 | |
| Lumber Mill | 1 | |
20 total
» build order
00:07 Altar of Kings
00:18 Farm
00:21 Farm
00:34 Barracks
01:34 Scout Tower
01:58 Farm
02:29 Arcane Tower
02:29 Arcane Tower
02:29 Arcane Tower
02:57 Blacksmith
03:23 Farm
04:02 Farm
05:05 Farm
05:43 Farm
05:44 Keep
06:44 Arcane Vault
07:03 Farm
08:28 Arcane Sanctum
08:53 Workshop
09:43 Lumber Mill
team 2 (winner)
Dexanth (
blue | 106 APM | 1705 actions | 16:04)
6 Dark Ranger
3 Black Arrow
2 Life Drain
1 Charm
5 Naga Sea Witch
3 Frost Arrows
2 Forked Lightning
» actions
| Assign group hotkey | 74 | |
| Basic commands | 5 | |
| Build / train | 56 | |
| Enter build submenu | 14 | |
| Enter hero's abilities submenu | 11 | |
| Give item / drop item | 2 | |
| Right click | 807 | |
| Select / deselect | 259 | |
| Select group hotkey | 371 | |
| Use ability | 106 | |
1705 total
» units
| Wisp | 14 | |
| Archer | 5 | |
| Druid of the Claw | 4 | |
| Dryad | 4 | |
27 total
» upgrades
| Ultravision | 1 | |
| Druid of the Claw Training | 2 | |
| Abolish Magic | 1 | |
| Well Spring | 1 | |
| Strength of the Wild | 1 | |
| Reinforced Hides | 1 | |
7 total
» buildings
| Moon Well | 6 | |
| Ancient of War | 1 | |
| Altar of Elders | 1 | |
| Tree of Ages | 3 | |
| Hunter's Hall | 1 | |
| Ancient of Lore | 2 | |
| Ancient of Wonders | 1 | |
| Tree of Eternity | 1 | |
| Tree of Life | 1 | |
17 total
» build order
00:28 Moon Well
00:32 Ancient of War
00:59 Altar of Elders
01:05 Moon Well
02:52 Tree of Ages
02:52 Tree of Ages
02:52 Tree of Ages
03:34 Hunter's Hall
05:18 Moon Well
05:19 Moon Well
05:22 Ancient of Lore
05:25 Ancient of Lore
05:28 Ancient of Wonders
08:56 Tree of Eternity
09:02 Moon Well
09:03 Moon Well
15:32 Tree of Life
» items
refereesChopstix,
fineX.,
VELOX_NEB,
digitalJESUS,
Geil.Nonent,
Panda_Slammed,
GapInTheTooth,
Radimon,
jerund Chat log
(00:04 / Referees) VELOX_NEB: we'd better
(00:07 / Referees) VELOX_NEB: we've done that
(00:16 / Referees) digitalJESUS: tauren tragedy was the best gimmick
(00:22 / Referees) Chopstix: footmen only on friends?
(00:28 / Referees) VELOX_NEB: god i remember that replay
(00:33 / Referees) fineX.: EVEN THOUGH YOU TORE ME TO PIECES
(00:36 / Referees) Chopstix: we are deciding
(00:37 / All) GreedoftheNoob: good luck
(00:38 / Referees) fineX.: AND THREW EVERY PIECE INTO A FIRE
(01:06 / Referees) Chopstix: too far imo?
(01:38 / Referees) digitalJESUS: ancient of wonder fight
(02:30 / Referees) Geil.Nonent: htm
(02:31 / Referees) Chopstix: radimon you lag one more time you dont join obs
(02:35 / Referees) digitalJESUS: ya
(02:39 / Referees) digitalJESUS: v bad manner
(02:40 / Referees) digitalJESUS: to do so
(02:41 / Referees) fineX.: lagging = bad manner
(03:09 / Referees) VELOX_NEB: militia are pretty awesome imho
(03:19 / Referees) digitalJESUS: lion honker
(03:36 / Referees) Chopstix: but militia on goblin lab creep rwhy
(03:43 / Referees) Chopstix: trying to use drop strategy or something maybe
(03:44 / Referees) Chopstix: ?
(03:46 / Referees) digitalJESUS: idk
(03:55 / Referees) VELOX_NEB: pretty common just for item and level
(04:14 / Referees) jerund: turk love shis scouting farms
(06:12 / Referees) Chopstix: at least he got priest he could dispell, but maybe im thinking with too much sense
(06:14 / Referees) digitalJESUS: oh no :(
(06:27 / Referees) Geil.Nonent: pwned
(06:27 / Referees) Chopstix: OH
(06:30 / Referees) jerund: NOO WHAT ABOUT MANIFEST DESTINY
(06:35 / Referees) Chopstix: at least get the item
(06:35 / Referees) Geil.Nonent: bye bye itams
(06:36 / Referees) Chopstix: nob
(06:51 / Referees) Chopstix: archa army
(07:12 / Referees) Geil.Nonent: ever see that one pro human player who masses towers? such ownage
(07:29 / Referees) Chopstix: he really needs priest or breakers
(07:36 / Referees) jerund: he never builds them, don't worry
(07:38 / Referees) VELOX_NEB: or anything
(07:58 / Referees) Chopstix: no tp scroll either
(08:22 / Referees) jerund: i'm taking bets on how much gold he has left when he loses
(08:22 / Referees) Chopstix: dispell noob
(08:25 / Referees) Geil.Nonent: greed is a nub
(08:33 / Referees) Chopstix: nonent
(08:36 / Referees) Chopstix: you know its turk?
(08:37 / Referees) Geil.Nonent: sup
(08:39 / Referees) Geil.Nonent: yes
(08:59 / Referees) Geil.Nonent: he seems less trollish these days
(09:02 / Referees) Geil.Nonent: am i laging
(09:04 / Referees) Chopstix: NO
(09:05 / Referees) digitalJESUS: no
(09:06 / Referees) fineX.: no
(09:22 / Referees) Chopstix: ask rome
(09:40 / Referees) Geil.Nonent: rome fell a while back dude
(09:47 / Referees) Chopstix: no tp again
(10:03 / Referees) jerund: and the mauler gets away!
(10:04 / Referees) Chopstix: MAULER LIEVS
(10:10 / Referees) jerund: WAIT
(10:21 / Referees) jerund: damn
(10:24 / Referees) Chopstix: oh
(10:27 / Referees) fineX.: when did jerund get here
(10:27 / Referees) Chopstix: hes getting priest
(10:29 / Referees) Geil.Nonent: priests just in time 2 lose
(10:33 / Referees) jerund: hello finex my fine friend
(10:38 / Referees) jerund: i joined just a moment ago
(10:45 / Referees) jerund: with my "join an ongoing game" hack
(11:19 / Referees) Chopstix: researching dispell now
(11:23 / Referees) Geil.Nonent: haha
(11:24 / Referees) Chopstix: milit anow
(11:33 / Referees) jerund: anyone else watching the sound of music on tv
(11:37 / Referees) Geil.Nonent: no
(11:37 / Referees) digitalJESUS: neg
(11:42 / Referees) fineX.: ur gay
(11:49 / Referees) jerund: that's what i've heard
(12:00 / Referees) Chopstix: what did he give the paladin
(12:01 / Referees) Chopstix: before he died
(12:09 / Referees) digitalJESUS: Scroll
(12:09 / Referees) Geil.Nonent: kiss of death
(12:10 / Referees) digitalJESUS: i think
(12:12 / Referees) fineX.: probably pot
(12:18 / Referees) Geil.Nonent: smoke pot everyday
(12:25 / Referees) fineX.: didnt he get one at the camp b4
(12:31 / Referees) digitalJESUS: ya
(12:33 / Referees) digitalJESUS: 500hp pot
(12:33 / Referees) Chopstix: the dryad first
(12:34 / Referees) Geil.Nonent: kil dryad
(12:37 / Referees) digitalJESUS: thats what he gave
(12:38 / Referees) digitalJESUS: i think
(13:01 / Referees) Geil.Nonent: gj with the bear nub
(13:09 / Referees) Chopstix: turk always focus fires on the wrong things
(13:17 / All) GreedoftheNoob: owend
(13:18 / All) GreedoftheNoob: get out
(13:27 / Referees) Geil.Nonent: this game is a massacre (armenian lolz)
(14:04 / Referees) Chopstix: dark ranger has litte mana now
(14:12 / Referees) Chopstix: no more minions
(14:16 / Referees) Geil.Nonent: fun tip-spellbreakers beat bears
(14:20 / Referees) Chopstix: all peasents dead
(14:24 / Referees) fineX.: he tried that ast time
(14:27 / All) GreedoftheNoob: notice the professional tower plcement
(14:47 / All) GreedoftheNoob: does he not come back as a skel?
(14:49 / Referees) jerund: that's a shame
(14:50 / Referees) Chopstix: charm water elemntal
(14:51 / Referees) Chopstix: no mana
(14:54 / All) GreedoftheNoob: TT
(14:56 / All) GreedoftheNoob: GG
(14:58 / All) GreedoftheNoob: bested
(15:02 / All) GreedoftheNoob: by the better player
(15:10 / All) Dexanth: GG
(15:16 / All) GreedoftheNoob: i now know my place in the other of things
(15:18 / All) GreedoftheNoob: order
(15:22 / All) GreedoftheNoob: at after?!
(15:33 / Referees) digitalJESUS: minion just walking around
(15:34 / Referees) VELOX_NEB: leave noob
(15:51 / Referees) Chopstix: footmen frenzy
(15:55 / All) GreedoftheNoob: charm the millita
(16:02 / All) GreedoftheNoob: nub